AoeStats
← [NICE_ASS] BigMasi

Highland

505826694Analyzed
4v4 RM · 21d ago on Sep 11, 2026· 46m 2s· 8 players
Game mode
Random Map
Map size
Large (8 player)
Population
200
Speed
Normal
Resources
Standard
Victory
Conquest
Starting age
Dark Age
Ending age
Imperial Age
RankedLock teamsTeams togetherTeam positionsShared explorationLock speedFull tech treeHidden civsTurbo modeCheats
Victory
Defeat
🇨🇳 Burgundians · China
1287
+15
🇨🇳 Slavs · China
1285
+15
🇨🇳 Italians · China
1266
+16
🇨🇳 Armenians · China
1262
+16
🇨🇭 Wei · Switzerland
1291
-17
🇷🇺 Khmer · Russia
1270
-16
🇵🇦 Mongols · Panama
1248
-15
🇺🇸 Dravidians · United States
1230
-14
datouyu
0:38 Loom
11:56 Feudal Age
16:32 Castle Age
14:53 Double-Bit Axe
14:51 Horse Collar
16:38 Arson
16:13 Man-at-Arms
17:33 Bow Saw
18:31 Long Swordsman
18:56 Gambesons
21:12 Two-Handed Swordsman
22:18 Squires
23:32 Scale Mail Armor
26:46 Chain Mail Armor
37:06 Wheelbarrow
36:54 Champion
40:40 Hand Cart
43:12 Imperial Age
41:26 Town Watch
42:04 Forging
41:57 Padded Archer Armor
41:47 Fletching
41:53 Gold Mining
43:17 Pikeman
43:19 Capped Ram
44:26 Halberdier
我来助你
5:07 Double-Bit Axe
7:47 Horse Collar
9:19 Loom
11:56 Feudal Age
15:53 Castle Age
14:37 Bow Saw
17:08 Gold Mining
17:30 Scale Barding Armor
19:38 Cavalier
22:20 Forging
23:04 Husbandry
23:25 Heavy Plow
24:15 Wheelbarrow
24:44 Light Cavalry
28:27 Gold Shaft Mining
29:16 Chain Barding Armor
29:31 Iron Casting
38:01 Burgundian Vineyards
39:20 Hand Cart
38:59 Stone Mining
42:50 Imperial Age
41:27 Town Watch
43:18 Crop Rotation
43:50 Two-Man Saw
42:59 Caravan
42:54 Paladin
44:14 Plate Barding Armor
44:55 Blast Furnace
43:49 Hussar
六个六
5:11 Loom
10:56 Feudal Age
16:46 Castle Age
14:33 Horse Collar
15:44 Double-Bit Axe
17:58 Bow Saw
18:52 Stone Mining
25:12 Wheelbarrow
26:08 Heavy Plow
26:00 Gold Mining
29:29 Stone Shaft Mining
32:34 Imperial Age
29:58 Fletching
30:09 Padded Archer Armor
31:54 Thumb Ring
32:11 Ballistics
31:37 Treadmill Crane
32:46 Hand Cart
32:45 Elite Genoese Crossbowman
34:20 Conscription
35:05 Chemistry
34:30 Bodkin Arrow
35:03 Padded Archer Armor
35:57 Bracer
36:13 Leather Archer Armor
36:31 Crop Rotation
37:03 Two-Man Saw
36:52 Murder Holes
38:48 Ring Archer Armor
41:41 Forging
41:31 Scale Mail Armor
41:37 Scale Barding Armor
46:36 Silk Road
46:31 Guilds
46:22 Caravan
kirk
12:15 Feudal Age
12:38 Feudal Age
14:03 Double-Bit Axe
14:07 Horse Collar
17:08 Castle Age
18:11 Forging
18:06 Scale Barding Armor
17:55 Gold Mining
20:37 Husbandry
24:05 Bow Saw
25:48 Bloodlines
28:12 Wheelbarrow
27:47 Heavy Plow
30:26 Chain Barding Armor
30:41 Iron Casting
35:37 Imperial Age
34:51 Gold Shaft Mining
34:07 Stone Mining
36:51 Onager
38:28 Detinets
39:11 Conscription
39:42 Plate Barding Armor
40:08 Blast Furnace
40:05 Elite Boyar
41:29 Fletching
44:15 Loom
44:46 Hand Cart
46:28 Two-Man Saw
Sakhta
7:02 Loom
9:44 Feudal Age
10:25 Double-Bit Axe
11:58 Horse Collar
13:59 Scale Barding Armor
16:24 Bloodlines
18:51 Wheelbarrow
19:35 Gold Mining
23:31 Castle Age
21:46 Forging
24:24 Husbandry
24:30 Stone Mining
24:53 Bow Saw
25:08 Chain Barding Armor
24:53 Town Watch
25:23 Hand Cart
26:50 Stone Shaft Mining
28:49 Gold Shaft Mining
32:20 Iron Casting
34:09 Town Patrol
34:05 Fletching
37:49 Imperial Age
37:59 Cavalier
39:16 Plate Barding Armor
39:42 Blast Furnace
38:50 Onager
43:37 Heavy Scorpion
45:07 Light Cavalry
[NICE_ASS] BigMasi
11:50 Feudal Age
10:07 Loom
13:00 Double-Bit Axe
16:10 Castle Age
14:05 Horse Collar
18:05 Bow Saw
18:09 Heavy Plow
18:29 Gold Mining
19:35 Wheelbarrow
19:30 Stone Mining
20:18 Town Watch
23:52 Hand Cart
23:58 Hand Cart
iphonze
10:58 Feudal Age
9:53 Loom
15:21 Castle Age
13:43 Double-Bit Axe
16:49 Bow Saw
21:03 Fervor
20:53 Horse Collar
22:37 Wheelbarrow
23:27 Gold Mining
23:32 Stone Mining
24:31 Hand Cart
24:02 Loom
25:07 Stone Shaft Mining
25:20 Gold Shaft Mining
26:18 Scale Mail Armor
26:28 Forging
26:26 Squires
25:47 Pikeman
29:45 Chain Mail Armor
31:51 Iron Casting
31:29 Fletching
32:46 Thumb Ring
32:02 Crossbowman
34:46 Bodkin Arrow
37:42 Imperial Age
38:28 Bracer
37:52 Arbalester
40:45 Padded Archer Armor
41:59 Chemistry
41:19 Ballistics
rastarjr
12:03 Feudal Age
10:18 Loom
15:47 Castle Age
13:37 Double-Bit Axe
14:03 Horse Collar
16:10 Stone Mining
16:41 Heavy Plow
16:57 Bow Saw
23:30 Wheelbarrow
23:43 Gold Mining
26:41 Hand Cart
26:58 Town Watch
27:13 Fletching
28:06 Thumb Ring
33:23 Imperial Age
31:25 Medical Corps
31:40 Pikeman
32:21 Squires
32:38 Bodkin Arrow
32:43 Padded Archer Armor
34:39 Halberdier
35:34 Bracer
35:36 Scale Mail Armor
36:41 Conscription
36:55 Leather Archer Armor
36:51 Forging
36:28 Elite Elephant Archer
37:31 Wootz Steel
38:31 Ballistics
39:21 Chemistry
38:38 Chain Mail Armor
39:05 Ring Archer Armor
40:57 Plate Mail Armor
Connection lost

Rejoining the realm…

Still unreachable

The connection could not be restored.

Session expired

The server has moved on; the page needs a fresh start.